 Dungeon Crawl Stone Soup version 0.30.1-11-g7821555f0a (webtiles) character file.

Game seed: 9845606375176756172

57 comborobin the Sneak (level 3, -6/45 HPs)
             Began as a Demigod Delver on Dec 16, 2023.
             Mangled by a water moccasin (8 damage)
             ... on level 3 of the Dungeon.
             The game lasted 00:03:16 (749 turns).

comborobin the Sneak (Demigod Delver)                Turns: 749, Time: 00:03:17

Health: -6/45      AC:  3    Str: 17    XL:     3   Next: 50%
Magic:  5/5        EV: 12    Int: 12    God:
Gold:   5          SH:  0    Dex: 15    Spells: 2/2 levels left

rFire   . . .        d - +0 quarterstaff
rCold   . . .        (shield currently unavailable)
rNeg    . . .        b - +0 leather armour
rPois   .            (no helmet)
rElec   .            (no cloak)
rCorr   .            (no gloves)
SInv    .            (no boots)
Will    .....        (no amulet) Stlth
                     (no ring)
HPRegen 0.27/turn    (no ring)
MPRegen 0.09/turn

%: no passive effects
@: berserking, lethally poisoned (-6 -> -12), flying, very quick
A: high MP 1, forlorn, divine attributes
a: no special abilities


You were on level 3 of the Dungeon.
You visited 1 branch of the dungeon, and saw 4 of its levels.

You collected 5 gold pieces.

Inventory:

Hand Weapons
 a - a +0 mace
 d - a +0 quarterstaff (weapon)
Armour
 b - a +0 leather armour (worn)
Scrolls
 c - a scroll of fog


   Skills:
 - Level 2.6 Fighting
 - Level 1.7(2.7) Maces & Flails
 + Level 3.1(3.4) Staves
 - Level 1.7 Dodging
 - Level 4.5 Stealth


You had 2 spell levels left.
You didn't know any spells.
Your spell library contained the following spells:

 Spells                   Type           Power      Damage    Failure   Level
 Portal Projectile        Hex/Tloc       0%         N/A       77%         3
 Tukima's Dance           Hex            0%         N/A       77%         3
 Blade Hands              Tmut           0%         N/A       100%        5


Dungeon Overview and Level Annotations

Branches:
Dungeon (6/15)
 Temple: D:4-7


Innate Abilities, Weirdness & Mutations

You have an increased reservoir of magic. (+10% MP)
You shall have no god before yourself.
Your divine heritage dramatically boosts your attributes as you level up.


Message History

The water moccasin poisons you!
You miss the water moccasin.
You feel very sick. The water moccasin bites you!
You are too injured to fight recklessly!
You are too injured to fight recklessly!
You are too injured to fight recklessly!
You are too injured to fight recklessly!
You are too injured to fight recklessly!
You are too injured to fight recklessly!
You are too injured to fight recklessly!
You are too injured to fight recklessly!
You are too injured to fight recklessly!
Unknown command.
You feel much better.
You feel sick. The water moccasin bites you.
Okay, then.
You feel sick. The water moccasin closely misses you.
It was a potion of cancellation.
You feel magically purged.
You feel sick. The water moccasin bites you. The orc barely misses you.
The water moccasin attacks as you move away!
The water moccasin barely misses you. The orc attacks as you move away!
The orc hits you with a +0 club.
You feel sick. The water moccasin bites you!
* * * LOW HITPOINT WARNING * * *
It was a potion of curing.
You feel better. The water moccasin bites you!
* * * LOW HITPOINT WARNING * * *
You are lethally poisoned!
The water moccasin poisons you!
It was a potion of flight.
You feel very buoyant.
You fly up into the air.
* * * LOW HITPOINT WARNING * * *
You feel very sick.
The water moccasin bites you but does no damage.
It was a potion of berserk rage.
A red film seems to cover your vision as you go berserk!
You feel yourself moving faster!
You feel mighty!
* * * LOW HITPOINT WARNING * * *
You feel very sick. The water moccasin bites you!
You die...

### #.# #######'##
#........# #........#
#........# ####....(...#
########+###.##........#
.......@...............+
...#####S###...........#
..#####oo...###'####+##
.......o###.# #......##
........###.########.##
.......................
......[.........##.....
........#####.#.##.#.##
..#...... #.#.##+#+##


You could see a water moccasin, an orc priest and 2 orcs.

Vanquished Creatures
  An orc wizard (D:4)
  An adder (D:5)
  A shadow imp (D:4)
  5 orcs
  4 jackals (D:4)
  A quokka (D:4)
13 creatures vanquished.

Notes
Turn   | Place    | Note
-------+----------+-------------------------------------------
     0 | D:5      | comborobin the Demigod Delver began the quest for the Orb.
     0 | D:5      | Reached XP level 1. HP: 18/18 MP: 3/3
     1 | D:6      | Noticed a bullfrog
    19 | D:5      | Noticed an ogre
    30 | D:4      | Noticed an orc wizard
    30 | D:4      | Noticed an iguana
   188 | D:4      | Reached skill level 1 in Staves
   273 | D:4      | Noticed an orc wizard
   275 | D:4      | Noticed a phantom
   290 | D:4      | Reached XP level 2. HP: 21/25 MP: 4/4
   297 | D:4      | Reached XP level 3. HP: 15/30 MP: 5/5
   483 | D:4      | Noticed an orc warrior
   738 | D:3      | Noticed a water moccasin
   749 | D:3      | HP: 2/45 [poisoned by a water moccasin]
   749 | D:3      | Mangled by a water moccasin

Illustrated notes

Levels and vault maps discovered:
D:3:      layout_basic, st_stairs_9, minmay_statues_item, uniq_robin
D:4:      layout_gridville, okawaru_ov_weapons_minmay,
          mainiacjoe_overflow_catwalk, kennysheep_small_spiral,
          nicolae_concentric_dashed_squares_mild
D:5:      lemuel_insect_pit, layout_loops_ring
D:6:      layout_basic, trog_antimagical, nemelex_xobeh_ov_fountains_minmay,
          mainiacjoe_overflow_paths, minmay_temple_entry_poolview,
          enter_ossuary_4, serial_co_window_serial, co_window_paths_a,
          co_window_paths_a, co_window_of_opportunity_a, co_window_paths_b,
          co_window_paths_a, co_window_paths_a, co_window_corner_a,
          co_window_broadway_c, co_window_paths_c, co_window_unsneaky_path_b,
          co_window_paths_c, co_window_2corner, co_window_unsneaky_path_b,
          serial_shops, nicolae_shop_peninsula

Skill      XL: |  1  2  3 |
---------------+----------+-----
Staves         | 1 2 3 |  3.1
Fighting       | |  2.6
Maces & Flails | |  1.7
Dodging        | |  1.7
Stealth        | |  4.5

Action                     || total
---------------------------++-------
  Melee: Quarterstaff      ||    63
         Mace              ||     1
  Evoke: Wand              ||     3
    Use: Potion            ||     8
         Scroll            ||     3
 Armour: Leather armour    ||    28
  Dodge: Dodged            ||    69
